 Dungeon Crawl Stone Soup version 0.24-a0-784-g601f8f6d22 (webtiles) character file.

Game seed: 7415204119821836058, levelgen mode: deterministic

553 MalarOregon the Digger (level 7, -3/50 HPs)
             Began as a Purple Draconian Earth Elementalist on Oct 8, 2019.
             Slain by an orc wizard
             ... wielding a +0 dagger
              (7 damage)
             ... on level 4 of the Dungeon on Oct 9, 2019.
             The game lasted 00:06:25 (3694 turns).

MalarOregon the Digger (DrEE)                       Turns: 3694, Time: 00:06:26

Health: -3/50      AC:  7    Str: 10    XL:     7   Next: 8%
Magic:  1/10       EV: 12    Int: 18    God:
Gold:   133        SH:  4    Dex: 11    Spells: 4/10 levels left

rFire    . . .     SeeInvis .   j - +0 dagger
rCold    . . .     Gourm    .   g - +0 buckler
rNeg     . . .     Faith    .   (armour unavailable)
rPois    .         Spirit   .   (helmet restricted)
rElec    .         Reflect  .   k - +0 cloak
rCorr    .         Harm     .   (no gloves)
MR       +....                  (no boots)
Stlth    ++........             (no amulet)
HPRegen  0.16/turn              (no ring)
MPRegen  0.12/turn              (no ring)

@: short of breath
A: breathe power, unfitting armour, cold-blooded, AC +6
a: Breathe Dispelling Energy


You were on level 4 of the Dungeon.
You were not hungry.

You visited 1 branch of the dungeon, and saw 4 of its levels.

You collected 133 gold pieces.

Inventory:

Hand Weapons
 j - a +0 dagger (weapon)
   (You took it off a kobold on level 2 of the Dungeon)
Missiles
 b - 22 stones
 m - 14 poisoned darts (quivered)
Armour
 g - a +0 buckler (worn)
   (You found it on level 1 of the Dungeon)
 k - a +0 cloak (worn)
   (You found it on level 2 of the Dungeon)
Wands
 d - a wand of iceblast (8)
   (You found it on level 4 of the Dungeon)
 x - a wand of acid (5)
   (You found it on level 3 of the Dungeon)
Scrolls
 a - a scroll of fear {unknown}
 f - 3 scrolls of remove curse {unknown}
 h - 2 scrolls of enchant weapon {unknown}
 i - a scroll of teleportation {unknown}
 q - 8 scrolls of identify {unknown}
Potions
 c - 3 potions of haste {unknown}
 l - a potion of flight {unknown}
 n - a potion of brilliance {unknown}
 o - 2 potions of curing {unknown}
 p - a potion of lignification {unknown}
 r - 2 potions of heal wounds {unknown}
Comestibles
 e - 3 rations {!d}
 s - 3 chunks of flesh


   Skills:
 - Level 1.7 Dodging
 - Level 1.7 Stealth
 - Level 4.2 Shields
 - Level 2.4 Spellcasting
 - Level 1.0 Transmutations
 + Level 6.8 Earth Magic


You had 4 spell levels left.
You knew the following spells:

 Your Spells              Type           Power        Failure   Level  Hunger
a - Sandblast             Erth           ####..       1%          1    #......
q - Passwall              Tmut/Erth      ###.....     5%          2    ##.....
x - Stone Arrow           Conj/Erth      ##....       13%         3    ###....

Your spell library contained the following spells:

 Spells                   Type           Power        Failure   Level  Hunger
 Petrify                  Tmut/Erth      ###.....     34%         4    #####..
 Lee's Rapid Deconstruct  Erth           ####......   28%         5    ######.


Dungeon Overview and Level Annotations

Branches:
Dungeon (4/15)
 Temple: D:4-7

Altars:
Gozag
Trog

Shops:
D:2 *


Innate Abilities, Weirdness & Mutations

You can breathe bolts of dispelling energy.
Your rich purple scales are hard. (AC +6)
You cannot fit into any form of body armour.
You are cold-blooded and may be slowed by cold attacks.


Message History

You tail-slap the orc wizard, but do no damage.
The orc wizard hits you but does no damage.
You hit the orc wizard but do no damage.
Your tail-slap misses the orc wizard.
The orc wizard hits you but does no damage.
You hit the orc wizard.
You tail-slap the orc wizard, but do no damage.
The orc wizard gestures at you while chanting.
The puff of flame hits you!
* * * LOW HITPOINT WARNING * * *
You miss the orc wizard. The orc wizard misses you.
You hit the orc wizard but do no damage.
The orc wizard casts a spell at you. The magic dart hits you!
* * * LOW HITPOINT WARNING * * *
You hit the orc wizard but do no damage.
You tail-slap the orc wizard.
The orc wizard looks braver for a moment.
Aim: an orc wizard, wielding a +0 dagger and wearing a +0 robe of magic resistance (almost dead)
The blast of sand hits the orc wizard!
You kill the orc wizard!
b - 22 stones You barely miss something.
Something hits you.
* * * LOW HITPOINT WARNING * * *
You miss something.
Your tail-slap misses something.
Something hits you.
* * * LOW HITPOINT WARNING * * *
Unknown command.
You miss something.
Your tail-slap misses something.
You have got your breath back.
Something barely misses you.
Unknown command.
Unknown command.
You hit something. Something barely misses you.
Unknown command.
Unknown command.
You closely miss something. Something hits you.
* * * LOW HITPOINT WARNING * * *
You hit something but do no damage.
Your tail-slap misses something.
Something hits you but does no damage.
Unknown command.
You miss something. Something hits you but does no damage.
You can't see any susceptible monsters within range! (Use Z to cast anyway.)
You breathe a bolt of dispelling energy.
You feel somewhat more hungry. Something hits you!
You die...

.......[[.<#.#.#
######.....#.#.#
.........#.#.#
##.......#.#.#
#.###...#.#.# #.
#...#.#.# #.
#...#.#.# #...#
#.# #@# #{# #.#
#)# #.# #.# #.#
#.#


There were no monsters in sight!

Vanquished Creatures
  A centaur (D:3)
  An ogre (D:3)
  2 hounds (D:4)
  2 orc priests
  A jelly (D:4)
  2 orc wizards (D:4)
  2 worker ants (D:4)
  4 gnolls (D:3)
  3 adders
  2 oozes (D:3)
  2 worms
  A dart slug (D:2)
  A leopard gecko (D:2)
  6 orcs
  A ball python (D:3)
  3 bats
  2 giant cockroaches
  4 goblins
  3 hobgoblins
  4 jackals (D:4)
  6 kobolds
  A quokka (D:2)
  3 frilled lizards
  7 rats
64 creatures vanquished.

Vanquished Creatures (others)
  A wizard (D:3)
1 creature vanquished.

Grand Total: 65 creatures vanquished

Notes
Turn   | Place    | Note
-------+----------+-------------------------------------------
     0 | D:1      | MalarOregon the Draconian Earth Elementalist began the
                  | quest for the Orb.
     0 | D:1      | Reached XP level 1. HP: 14/14 MP: 3/3
     0 | D:1      | Upgraded the game from 0.24-a0-779-g36f0aeb843 to
                  | 0.24-a0-784-g601f8f6d22
  1026 | D:2      | Reached XP level 2. HP: 20/20 MP: 5/5
  1122 | D:2      | Found Gozag's Platinum Reserve.
  1169 | D:2      | Reached skill level 1 in Shields
  1708 | D:2      | Found an opulent altar of Gozag.
  1960 | D:3      | Reached XP level 3. HP: 26/26 MP: 4/6
  1963 | D:3      | Reached skill level 4 in Earth Magic
  2139 | D:3      | Reached XP level 4. HP: 32/33 MP: 7/7
  2228 | D:3      | Noticed a centaur
  2244 | D:3      | Killed a centaur
  2244 | D:3      | Reached XP level 5. HP: 17/38 MP: 0/8
  2515 | D:3      | Reached skill level 5 in Earth Magic
  2908 | D:3      | Found a bloodstained altar of Trog.
  2916 | D:3      | Noticed a wizard
  2922 | D:3      | Killed a wizard
  3068 | D:4      | Noticed an ogre
  3076 | D:3      | Killed an ogre
  3076 | D:3      | Reached XP level 6. HP: 26/45 MP: 3/9
  3203 | D:3      | Learned a level 2 spell: Passwall
  3207 | D:3      | Learned a level 3 spell: Stone Arrow
  3283 | D:4      | Reached skill level 6 in Earth Magic
  3675 | D:4      | Your scales start taking on a rich purple colour.
  3675 | D:4      | Reached XP level 7. HP: 21/50 MP: 1/10
  3694 | D:4      | Slain by an orc wizard

Levels and vault maps discovered:
D:1:      ncdulo_smallfort, layout_basic
D:2:      layout_basic, nicolae_gozag_zags_fifth_avenue, first_ration
D:3:      layout_loops_ring, mrwooster_statue_mirror, trog_wizard
D:4:      layout_basic, grunt_temple_overflow_open, uniq_natasha

Skill      XL: |  1  2  3  4  5  6 |
---------------+-------------------+-----
Shields        | 1 2 3 4 |  4.2
Earth Magic    | 4 5 6 |  6.8
Dodging        | |  1.7
Stealth        | |  1.7
Spellcasting   | |  2.4
Transmutations | |  1.0

Action                   |  1- 3 |  4- 6 |  7- 9 || total
-------------------------+-------+-------+-------++-------
Melee: Unarmed           |     6 |       |       ||     6
       Spear             |    28 |       |       ||    28
       Tailslap          |     6 |    10 |     3 ||    19
       Dagger            |    28 |    91 |    14 ||   133
 Cast: Sandblast         |    14 |    58 |     4 ||    76
 Abil: Breathe Dispellin |       |       |     2 ||     2
 Stab: Sleeping          |     3 |     1 |       ||     4
  Eat: Chunk             |     4 |     6 |       ||    10
Armor: Skin              |    17 |    28 |     1 ||    46
Dodge: Dodged            |    33 |    72 |     4 ||   109
Block: Buckler           |    11 |    17 |       ||    28

Table legend:
 A = Non-vault XP
 B = Vault XP
 C = Vault XP percentage of total XP
 D = Non-vault monster count
 E = Vault monster count
 F = Vault count percentage of total count
                 A         B        C        D         E       F
            +---------+---------+-------+---------+---------+-------
      Total |     790 |       0 |   0.0 |      64 |       0 |   0.0
            +---------+---------+-------+---------+---------+-------
        D:1 |      11 |       0 |   0.0 |       7 |       0 |   0.0
        D:2 |      25 |       0 |   0.0 |      12 |       0 |   0.0
        D:3 |     393 |       0 |   0.0 |      27 |       0 |   0.0
        D:4 |     361 |       0 |   0.0 |      18 |       0 |   0.0
            +---------+---------+-------+---------+---------+-------
